 Dungeon Crawl Stone Soup version 0.26.1-2-gb8aa6d0cf2 (webtiles) character file.

Game seed: 4926998706382807004

546 Allula97 the Slasher (level 7, -1/55 HPs)
             Began as a Formicid Fighter on Feb 26, 2021.
             Was a Believer of Ashenzari.
             Killed by divine providence
             ... invoked by an orc priest
              (14 damage)
             ... on level 5 of the Dungeon.
             The game lasted 00:18:23 (3818 turns).

Allula97 the Slasher (Formicid Fighter)             Turns: 3818, Time: 00:18:24

Health: -1/55      AC: 18    Str: 18 (21) XL:     7   Next: 53%
Magic:  7/7        EV:  9    Int:  5 (7)  God:    Ashenzari [**....]
Gold:   205        SH: 10    Dex: 16 (18) Spells: 7/7 levels left

rFire    + . .     SeeInvis +   a - +0 long sword
rCold    . . .     Faith    .   c - +0 kite shield
rNeg     . . .     Spirit   .   v - +4 scale mail
rPois    .         Reflect  .   (helmet unavailable)
rElec    .         Harm     .   i - +0 cloak (curse)
rCorr    .         Rampage  +   t - +0 pair of gloves of Bagivenk {Rampage rF+}
Will     .....                  s - +0 pair of boots
Stlth    +.........             p - amulet of regeneration (curse)
HPRegen  0.58/turn              g - +4 ring of protection
MPRegen  0.10/turn              x - +6 ring of dexterity

@: mighty
A: permanent stasis, dig shafts and tunnels, four strong arms, antennae 3
a: Dig, Shaft Self, Renounce Religion, Curse Item, Scrying


You were on level 5 of the Dungeon.
You worshipped Ashenzari.
Ashenzari was pleased with you.
You visited 1 branch of the dungeon, and saw 5 of its levels.

You collected 205 gold pieces.

Inventory:

Hand Weapons
 a - a +0 long sword (weapon)
Missiles
 m - 6 curare-tipped darts
Armour
 b - a +0 scale mail
 c - a +0 kite shield (worn)
 i - a cursed +0 cloak (worn)
 o - a +3 ring mail
 s - a +0 pair of boots (worn)
 t - the +0 pair of gloves of Bagivenk (worn) {Rampage rF+}
   (You found it on level 4 of the Dungeon)

   It protects you from fire.
   It bestows one free step when moving towards enemies.
 v - a +4 scale mail (worn)
 y - a cursed +0 leather armour
Jewellery
 g - a +4 ring of protection (left hand)
 n - an uncursed ring of willpower
 p - a cursed amulet of regeneration (around neck)
 x - a +6 ring of dexterity (right hand)
Scrolls
 e - a scroll of magic mapping {unknown}
 k - 2 scrolls of enchant weapon
 w - a scroll of remove curse
Potions
 h - a potion of degeneration
 j - a potion of cancellation {unknown}
 l - a potion of haste {unknown}
 r - a potion of heal wounds {unknown}


   Skills:
 * Level 4.3 Fighting
 * Level 5.1 Long Blades
 * Level 4.3 Armour
 * Level 1.6 Dodging
 - Level 2.4 Stealth
 * Level 4.8 Shields
 * Level 0.6 Spellcasting
 * Level 0.5 Transmutations
 * Level 0.6 Earth Magic


You had 7 spell levels left.
You didn't know any spells.
Your spell library was empty.

Dungeon Overview and Level Annotations

Branches:
Dungeon (5/15)
 Temple: D:4-7

Altars:
Ashenzari
Fedhas

Shops:
D:4 :


Innate Abilities, Weirdness & Mutations

You cannot be hasted, slowed, berserked, paralysed or teleported.
You can dig through walls and to a lower floor.
Your four strong arms can wield two-handed weapons with a shield.
You have a pair of large antennae on your head. (SInv)


Message History

You hit the orc priest but do no damage.
The orc priest barely misses you. You block the orc's attack.
The orc priest calls down the wrath of Beogh upon you.
Beogh smites you!
You hit the orc priest.
The orc priest is moderately wounded.
You block the orc's attack. The orc priest closely misses you.
The orc priest mumbles some strange prayers to Beogh against you.
Beogh smites you!
* * * LOW HITPOINT WARNING * * *
It was a potion of degeneration.
There was something very wrong with that liquid.
You feel weakened.
You feel dopey.
You feel clumsy. You block the orc's attack. The orc priest closely misses you.
You block the orc priest's attack.
You feel very mighty all of a sudden. The orc closely misses you.
The orc priest calls down the wrath of Beogh upon you.
Beogh smites you!
You die...

*,* , ...........#
<*#.##. ....#.....# * *
..#. . ,,#.##..###
.###.#.* * #.##.....
....... #........ .....*
#.####..# #.#.##
#.####..# , #..oo#
#####.......# ,* #o@#
#.......##.## #.####..#
#.##.......#
#.......####.##.##.####*
#######.........##.# , ,
######.#####.#, *
#.#####.# * #.......#
#########


You could see 2 orc priests and an orc.

Vanquished Creatures
  2 scorpions (D:4)
  3 orc priests (D:4)
  2 hounds (D:4)
  5 worker ants
  5 gnolls
  2 adders
  A white imp (D:5)
  2 adder skeletons (D:4)
  2 worms
  3 dart slugs
  3 leopard geckos
  12 orcs
  3 bats
  6 giant cockroaches
  4 goblins
  7 hobgoblins
  2 jackals (D:1)
  7 kobolds
  A quokka (D:3)
  4 frilled lizards
  16 rats
92 creatures vanquished.

Notes
Turn   | Place    | Note
-------+----------+-------------------------------------------
     0 | D:1      | Allula97 the Formicid Fighter began the quest for the Orb.
     0 | D:1      | Reached XP level 1. HP: 18/18 MP: 1/1
    79 | D:1      | Reached XP level 2. HP: 18/24 MP: 2/2
   249 | D:1      | Reached XP level 3. HP: 22/29 MP: 3/3
   518 | D:1      | Reached skill level 1 in Stealth
   518 | D:1      | Reached XP level 4. HP: 29/37 MP: 4/4
  1358 | D:2      | Found a faded altar of an unknown god.
  1372 | D:2      | Became a worshipper of Ashenzari the Shackled
  1372 | D:2      | Reached * piety under Ashenzari
  1856 | D:3      | Reached skill level 3 in Long Blades
  1888 | D:3      | Found a blossoming altar of Fedhas.
  2240 | D:3      | Reached XP level 5. HP: 42/42 MP: 5/5
  2669 | D:4      | Reached skill level 1 in Dodging
  2816 | D:4      | Reached skill level 4 in Long Blades
  2816 | D:4      | Reached XP level 6. HP: 47/48 MP: 6/6
  2828 | D:4      | Got the uncursed pair of gloves of Bagivenk {Rampage rF+}
  2833 | D:4      | Identified the +0 pair of gloves of Bagivenk {Rampage rF+}
                  | (You found it on level 4 of the Dungeon)
  2993 | D:4      | Reached ** piety under Ashenzari
  3119 | D:4      | Found Weibogg's Book Shoppe.
  3132 | D:4      | Reached XP level 7. HP: 48/54 MP: 7/7
  3319 | D:4      | Reached skill level 5 in Long Blades
  3757 | D:5      | Entered Level 5 of the Dungeon
  3818 | D:5      | Killed from afar by an orc priest

Illustrated notes

Levels and vault maps discovered:
D:1:      onia_arrival_mini_maze_b, layout_basic, minmay_rat_gold_closets
D:2:      layout_loops_cross, chequers_ecumenical_altar_simple
D:3:      layout_loops_ring, fedhas_ov_isle_minmay, kennysheep_generic_room_3
D:4:      layout_gridville, serial_shops, shop, hangedman_glass_teeth,
          kennysheep_boxes
D:5:      layout_loops_cross, nicolae_overflow_hidden_temple, st_stairs_4,
          uniq_blork_the_orc, uniq_prince_ribbit1

Skill      XL: |  1  2  3  4  5  6  7 |
---------------+----------------------+-----
Shields        | 4 |  4.8
Stealth        | 1 2 |  2.4
Long Blades    | 3 4 5 |  5.1
Fighting       | 4 |  4.3
Dodging        | 1 |  1.6
Armour         | 4 |  4.3
Spellcasting   | |  0.6
Transmutations | |  0.5
Earth Magic    | |  0.6

Action                   |  1- 3 |  4- 6 |  7- 9 || total
-------------------------+-------+-------+-------++-------
Melee: Long sword        |    85 |   156 |    71 ||   312
Invok: Curse Item        |       |     1 |       ||     1
 Abil: Dig               |       |     6 |     2 ||     8
  Use: Scroll            |       |       |     3 ||     3
       Potion            |       |       |     2 ||     2
Armor: Scale mail        |    46 |    20 |    40 ||   106
       Ring mail         |       |    44 |       ||    44
Dodge: Dodged            |    33 |    64 |    44 ||   141
Block: Kite shield       |    45 |    69 |    51 ||   165
       Rpst.: Long sword |    11 |    22 |    12 ||    45
